 Dungeon Crawl Stone Soup version 0.30-a0-329-g85436e0a43 (webtiles) character file.

Game seed: 8051650369796368317

15 lunkers the Grave Robber (level 2, 0/20 HPs)
             Began as a Meteoran Necromancer on Oct 28, 2022.
             Slain by an adder (3 damage)
             ... on level 1 of the Dungeon.
             The game lasted 00:00:51 (281 turns).

lunkers the Grave Robber (Meteoran Necromancer)      Turns: 281, Time: 00:00:52

Health: 0/20       AC:  2    Str:  9    XL:     2   Next: 88%
Magic:  0/7        EV: 12    Int: 16    God:
Gold:   71         SH:  0    Dex: 14    Spells: 6/7 levels left

rFire   . . .      SeeInvis .    (no weapon)
rCold   . . .      Faith    .    (no shield)
rNeg    . . .      Spirit   .    a - +0 robe
rPois   .          Reflect  .    (no helmet)
rElec   .          Harm     .    (no cloak)
rCorr   .          Rampage  .    (no gloves)
Will    .....                    (no boots)
Stlth   +.........               (no amulet)
HPRegen 0.23/turn                (no ring)
MPRegen 0.10/turn                (no ring)

@: lethally poisoned (0 -> -6), glowing
A: sense surroundings 1, otherworldly, glowing, explore regen
a: no special abilities


You were on level 1 of the Dungeon.
You visited 1 branch of the dungeon, and saw 2 of its levels.

You collected 71 gold pieces.

Inventory:

Armour
 a - a +0 robe (worn)
Potions
 b - a potion of magic


   Skills:
 - Level 2.4 Dodging
 - Level 1.4 Stealth
 + Level 3.1 Spellcasting
 * Level 4.9 Necromancy


You had 6 spell levels left.
You knew the following spells:

 Your Spells              Type           Power      Damage    Failure   Level
a - Necrotise             Necr           72%        1d7       2%          1

Your spell library contained the following spells:

 Spells                   Type           Power      Damage    Failure   Level
 Vampiric Draining        Necr           18%        2d7       8%          3
 Animate Dead             Necr           18%        N/A       24%         4
 Agony                    Necr           18%        N/A       56%         5


Dungeon Overview and Level Annotations

Branches:
Dungeon (2/15) Zot: 917

Altars:

Shops:
D:1 [


Innate Abilities, Weirdness & Mutations

You passively map a small area around you.
You are easily found by Zot.
You glow in the dark.
You regain HP and MP as you explore.


Message History

There are monsters nearby!
Lua error: ...ter/crawl-git-85436e0a43/data/dat/clua/automagic.lua:206: Cannot currently process new keys (there is pending input)
There are monsters nearby!
Casting: Necrotise (safe; 2% risk of failure)
Confirm with . or Enter, or press ? or * to list all spells.
The worm writhes in agony.
Casting: Necrotise (safe; 2% risk of failure)
Confirm with . or Enter, or press ? or * to list all spells.
The worm writhes in agony.
* * * LOW MAGIC WARNING * * *
Casting: Necrotise (safe; 2% risk of failure)
Confirm with . or Enter, or press ? or * to list all spells.
The adder barely resists.
* * * LOW MAGIC WARNING * * *
Unknown command.
Casting: Necrotise (safe; 2% risk of failure)
Confirm with . or Enter, or press ? or * to list all spells.
The adder writhes in agony.
* * * LOW MAGIC WARNING * * *
The adder bites you.
You are poisoned.
The adder poisons you! The adder attacks as you move away!
The adder completely misses you.
You feel sick. The adder bites you.
You are more poisoned.
The adder poisons you!
There is a stone staircase leading up here.
You feel very sick. The adder barely misses you.
You climb upwards.
You feel very sick.
There is a stone staircase leading down here.
Unknown command.
You feel sick. The adder bites you.
* * * LOW HITPOINT WARNING * * *
You are more poisoned.
The adder poisons you!
* * * LOW HITPOINT WARNING * * *
You feel sick. The adder bites you.
You die...

......###..≈## *
.......##..≈§# #.# , ,
.......'#(..≈#,#.# ,
.<.....8'(..≈+ #.#
.......##.(.≈# #.# * *
.......##..≈≈#,#.#* ,* *
......###..≈## #.# 8(8####
##### ,#.# #* #'###### *
*#@##.# .......#
##S...###### ....§≈≈#
#>..##.....# §≈≈≈§###*
###.### .....# #+#####..
#...####.....# .......#
#.##.........# #.#########
#.##.........# ..........#
#.##.........#
.#....###.###.##.........#


You could see an adder.

Vanquished Creatures
  A giant cockroach (D:1)
  2 goblins (D:1)
  4 hobgoblins (D:1)
  A ball python (D:1)
  A frilled lizard (D:1)
  A kobold (D:1)
10 creatures vanquished.

Vanquished Creatures (collateral kills)
  A bat (D:1)
  A hobgoblin (D:1)
  A kobold (D:1)
3 creatures vanquished.

Grand Total: 13 creatures vanquished

Notes
Turn   | Place    | Note
-------+----------+-------------------------------------------
     0 | D:1      | lunkers the Meteoran Necromancer began the quest for the
                  | Orb.
     0 | D:1      | Reached XP level 1. HP: 14/14 MP: 5/5
    35 | D:1      | Reached XP level 2. HP: 20/20 MP: 1/6
    68 | D:1      | Found Poskoeb's Armour Emporium.
   281 | D:1      | Slain by an adder

Illustrated notes

Levels and vault maps discovered:
D:1:      dpeg_arrival_morbid_curiosity, layout_basic, serial_shops, shop
D:2:      layout_loops_cross, serial_shops, shop_statue,
          ebering_ecumenical_altar_mist, minmay_tiny_reverse_x

Skill      XL: |  1  2 |
---------------+-------+-----
Spellcasting   | 3 |  3.1
Dodging        | |  2.4
Stealth        | |  1.4
Necromancy     | |  4.9

Action                   || total
-------------------------++-------
Melee: Unarmed           ||     6
 Cast: Necrotise         ||    31
Armor: Robe              ||     4
Dodge: Dodged            ||    13

Table legend: (Time is in decaauts)
 A = Elapsed time spent in this place.
 B = Non-inter-level travel time spent in this place.
 C = Inter-level travel time spent in this place.
 D = Time resting spent in this place.
 E = Time spent auto-exploring this place.
 F = Levels seen in this place.
 G = Mean time per level.
                   A        B        C        D        E       F      G
               +--------+--------+--------+--------+--------+-----+--------+
         Total |    281 |    281 |      0 |      0 |    210 |   2 |  140.5 |
       Dungeon |    281 |    281 |      0 |      0 |    210 |   2 |  140.5 |
               +--------+--------+--------+--------+--------+-----+--------+

Top non-repeatable levels by time:
     D:1: 272 daAuts
     D:2: 8 daAuts
